 Dungeon Crawl Stone Soup version 0.31.0-11-ge490571c62 (webtiles) character file.

Game seed: 5317193199949639451

9475 sasquatch the Arsonist (level 11, -3/62 HPs)
             Began as a Tengu Fire Elementalist on Feb 2, 2024.
             Slain by a shadow (30 damage)
             ... on level 9 of the Dungeon.
             The game lasted 00:26:46 (12874 turns).

sasquatch the Arsonist (Tengu Fire Elementalist)   Turns: 12874, Time: 00:26:46

Health: -3/62      AC:  6    Str:  9    XL:     11   Next: 47%
Magic:  3/26       EV: 16    Int: 19    God:
Gold:   341        SH:  0    Dex: 15    Spells: 13/30 levels left

rFire   . . .        t - +3 hand axe (heavy)
rCold   . . .        (no shield)
rNeg    + . .        a - +0 robe
rPois   .            (helmet restricted)
rElec   .            C - +0 cloak
rCorr   .            y - +2 pair of gloves {Stlth+}
SInv    .            (boots unavailable)
Will    .....        (no amulet)
Stlth   +++          c - ring of positive energy
HPRegen 0.30/turn    (no ring)
MPRegen 0.20/turn

%: acrobat
@: about to teleport, flying
A: beak, talons 3, evasive flight, acrobatic
a: no special abilities


You were on level 9 of the Dungeon.
You visited 2 branches of the dungeon, and saw 10 of its levels.
You also visited: Bailey.

You collected 577 gold pieces.
You spent 236 gold pieces at shops.

Inventory:

Hand Weapons
 t - a +3 heavy hand axe (weapon)
Missiles
 g - 14 poisoned darts
 i - 6 curare-tipped darts
Armour
 a - a +0 robe (worn)
 e - the +0 ring mail of the Shining Light {rC+ Dex+4}
   (You found it in a bailey)

   Dex+4:     It affects your dexterity (+4).
   rC+:       It protects you from cold.
 y - a +2 pair of gloves of stealth (worn)
 B - a +0 kite shield
 C - a +0 cloak (worn)
Jewellery
 c - a ring of positive energy (left hand)
 F - a +6 ring of dexterity
Wands
 r - a wand of flame (23)
 v - a wand of iceblast (16)
 D - a wand of mindburst (14)
Scrolls
 f - 4 scrolls of teleportation
 k - a scroll of amnesia
 n - 4 scrolls of fog
 o - 4 scrolls of enchant armour
 q - 3 scrolls of noise
 s - a scroll of fear {unknown}
 x - 2 scrolls of butterflies {unknown}
 A - a scroll of torment {unknown}
Potions
 b - 2 potions of magic
 d - 4 potions of heal wounds
 h - 3 potions of curing
 j - a potion of brilliance {unknown}
 l - 2 potions of ambrosia {unknown}
 m - 3 potions of attraction {unknown}
 p - 3 potions of mutation {unknown}
 u - 2 potions of resistance {unknown}
 w - a potion of lignification {unknown}
 z - a potion of enlightenment {unknown}
 E - 2 potions of haste {unknown}


   Skills:
 + Level 4.9 Fighting
 - Level 2.1 Dodging
 - Level 2.0 Stealth
 - Level 10.0 Spellcasting
 - Level 10.0 Conjurations
 + Level 11.3 Fire Magic
 - Level 4.0 Alchemy


You had 13 spell levels left.
You knew the following spells:

 Your Spells              Type           Power      Damage    Failure   Level
a - Foxfire               Conj/Fire      100%       2x1d9     1%          1
b - Scorch                Fire           100%       2d9       1%          2
c - Inner Flame           Hex/Fire       31%        N/A       2%          3
d - Volatile Blastmotes   Fire/Tloc      62%        2d15      2%          3
e - Flame Wave            Conj/Fire      50%        2d12      1%          4
f - Sticky Flame          Fire/Alch      38%        2d8       3%          4

Your spell library contained the following spells:

 Spells                   Type           Power      Damage    Failure   Level
 Hailstorm                Conj/Ice       28%        3d8       2%          3
 Fulminant Prism          Conj/Alch      18%        3d10      4%          4
 Iskenderun's Mystic Bla  Conj/Tloc      28%        2d7       10%         4
 Frozen Ramparts          Ice            18%        1d3       22%         3
 Ozocubu's Armour         Ice            9%         N/A       22%         3
 Summon Ice Beast         Ice/Summ       9%         N/A       22%         3
 Leda's Liquefaction      Alch/Erth      8%         N/A       32%         4
 Petrify                  Alch/Erth      17%        N/A       32%         4
 Metabolic Englaciation   Hex/Ice        4%         N/A       90%         5
 Sculpt Simulacrum        Ice/Alch       8%         N/A       99%         6


Dungeon Overview and Level Annotations

Branches:
Dungeon (9/15)             Temple (1/1) D:5             Orc (0/2) D:9
 Bailey (visited)
   Lair: D:8-11

Altars:
Ashenzari
Cheibriados
Dithmenos
Elyvilon
Gozag
Hepliaklqana
Kikubaaqudgha
Nemelex Xobeh
Okawaru
Qazlal
Ru
Sif Muna
Trog
Uskayaw
Wu Jian
Xom
Zin
The Shining One

Shops:
D:2 [   D:5 :   D:7 *[

Annotations:
D:6 Jeremiah
D:7 3 runed translucent doors, TheBioAlchemist's ghost, novice DrSh


Innate Abilities, Weirdness & Mutations

You have a beak for a mouth.
You have claws for feet.
Your magical flight helps you evade attacks. (EV +4)
You can magically evade attacks while moving or waiting.


Message History

Confirm with . or Enter, or press ? or * to list all spells.
Aiming: Sticky Flame (dangerous; 3% risk of failure)
Press: ? - help, Shift-Dir - straight line, f - shadow
Aim: a shadow (unstickable)
The sticky flame hits the shadow!
The shadow is moderately damaged.
The shadow slips into darkness.
The shadow flickers and vanishes!
Deactivating autopickup; reactivate with Ctrl-A.
A wight comes into view. It is wielding a +0 quarterstaff.
Casting: Sticky Flame (dangerous; 3% risk of failure)
Confirm with . or Enter, or press ? or * to list all spells.
Casting: Flame Wave (dangerous; 1% risk of failure)
Press: ? - help, Dir - look around, f - activate A wave of flame ripples out!
The flame wave engulfs something! (Press . to intensify the flame waves.)
The shadow strikes at you from the darkness!
Ouch! That really hurt!
* * * LOW HITPOINT WARNING * * *
Reactivating autopickup.
You feel much better. The shadow barely misses you.
Casting: Flame Wave (dangerous; 1% risk of failure)
Confirm with . or Enter, or press ? or * to list all spells.
Aiming: Sticky Flame (dangerous; 3% risk of failure)
Press: ? - help, Shift-Dir - straight line, f - shadow
Aim: a shadow (severely damaged, unstickable)
The sticky flame hits the shadow.
The shadow is almost destroyed.
The shadow slips into darkness.
The shadow flickers and vanishes!
Deactivating autopickup; reactivate with Ctrl-A.
Casting: Sticky Flame (dangerous; 3% risk of failure)
Confirm with . or Enter, or press ? or * to list all spells.
You don't have enough magic to cast this spell.
Unknown command.
Unknown command.
As you read the scroll of teleportation, it crumbles to dust.
You feel strangely unstable.
The shadow strikes at you from the darkness!
You die...

,,,,,**,,,*,*#y#>#
,_,,,**,,**,**.#.#
,,...#*,,,,,,....##
,,...#*,,,,,,#.#..#
**...#*,*****#.#..#
##ยง..#*,* #.#z.#
.#.V.#*,######.#..#
.#...#*,#....#.#).#
.'...#*,#.##.#.#@.##
.'...#*,#.<#.#.#{..#
.#...##.####.#.#.#.##
.#...##......[.#.#..#
.##..##.............#
.#*####...#.#.#.#...#
.######..#########$.#
V....##...*,#...'...#
VR.#.##..#*,#8#.##..#


You could see a wight.

Vanquished Creatures
  A two-headed ogre (D:8)
  A deep elf pyromancer (Bailey)
  An orc knight (Bailey)
  Psyche (D:8)
  A hornet (D:9)
  3 shadows (D:9)
  5 vampires (D:9)
  Sigmund (D:5)
  A wraith (D:9)
  2 yaks (D:9)
  A wyvern (D:5)
  Menkaure (D:5)
  4 water moccasins
  An acid dragon (D:9)
  Duvessa (D:5)
  2 ice beasts
  7 orc warriors
  2 black bears
  3 ogres
  9 centaurs
  2 gnoll sergeants
  6 bullfrogs
  3 scorpions
  17 wights
  Dowan (D:5)
  4 killer bees
  3 howler monkeys (D:8)
  5 bombardier beetles
  2 hounds
  2 jellies
  4 orc priests
  5 iguanas
  4 sleepcaps
  9 orc wizards
  16 gnolls
  5 adders
  A dart slug (D:3)
  40 orcs
  4 endoplasms
  2 giant cockroaches
  4 goblins
  2 hobgoblins
  2 quokkas (D:4)
  8 ball pythons
  7 bats
  6 frilled lizards
  3 kobolds
  8 rats
223 creatures vanquished.

Vanquished Creatures (others)
  832 foxfires
832 creatures vanquished.

Grand Total: 1055 creatures vanquished

Notes
Turn   | Place    | Note
-------+----------+-------------------------------------------
     0 | D:1      | sasquatch the Tengu Fire Elementalist began the quest for
                  | the Orb.
     0 | D:1      | Reached XP level 1. HP: 10/10 MP: 4/4
     2 | D:1      | Noticed a demonspawn
     2 | D:1      | Noticed a felid
     4 | D:1      | Noticed an armataur
     4 | D:1      | Noticed a merfolk
     6 | D:1      | Noticed an octopode
     6 | D:1      | Noticed a troll
     8 | D:1      | Noticed a formicid
     8 | D:1      | Noticed a gargoyle
    10 | D:1      | Noticed a demigod
    10 | D:1      | Noticed a ghoul
    12 | D:1      | Noticed an oni
    12 | D:1      | Noticed a draconian
    14 | D:1      | Noticed a djinni
    16 | D:1      | Noticed a vampire
    16 | D:1      | Noticed an elf
    18 | D:1      | Noticed a human
    18 | D:1      | Noticed a vine stalker
    20 | D:1      | Noticed a barachi
    22 | D:1      | Noticed a minotaur
    24 | D:1      | Noticed a naga
    24 | D:1      | Noticed a spriggan
    26 | D:1      | Noticed a tengu
   330 | D:1      | Reached XP level 2. HP: 15/15 MP: 3/6
   822 | D:2      | Found Gausk's Antique Armour Shop.
   872 | D:2      | Reached XP level 3. HP: 19/19 MP: 0/7
   898 | D:2      | Reached skill level 4 in Fire Magic
  1152 | D:2      | Reached XP level 4. HP: 19/24 MP: 2/9
  1223 | D:2      | Learned a level 2 spell: Scorch
  1799 | D:3      | Reached XP level 5. HP: 28/28 MP: 6/10
  2719 | D:3      | Learned a level 3 spell: Inner Flame
  2723 | D:3      | Learned a level 3 spell: Volatile Blastmotes
  3029 | D:4      | Found a hide-covered altar of Uskayaw.
  3121 | D:4      | Reached skill level 5 in Fire Magic
  3121 | D:4      | Reached XP level 6. HP: 32/32 MP: 4/12
  3453 | D:4      | Found an iron altar of Okawaru.
  4520 | D:4      | Reached skill level 5 in Conjurations
  4675 | D:4      | Learned a level 4 spell: Flame Wave
  4676 | D:5      | Entered Level 5 of the Dungeon
  4676 | D:5      | Noticed Duvessa
  4676 | D:5      | Noticed Dowan
  4827 | D:5      | Gained mutation: Your magical flight helps you evade
                  | attacks. (EV +4) [Tengu growth]
  4827 | D:5      | Reached XP level 7. HP: 36/36 MP: 8/14
  4927 | D:5      | Found a staircase to the Ecumenical Temple.
  4933 | Temple   | Entered the Ecumenical Temple
  4970 | D:5      | Noticed Sigmund
  4999 | D:5      | Killed Duvessa
  5011 | D:5      | Killed Dowan
  5158 | D:5      | Reached skill level 6 in Fire Magic
  5456 | D:5      | Noticed Menkaure
  5459 | D:5      | Killed Menkaure
  5460 | D:5      | Reached skill level 5 in Spellcasting
  5460 | D:5      | Reached XP level 8. HP: 41/41 MP: 11/16
  5969 | D:5      | Found Xaupn's Vocational Training.
  5970 | D:5      | Noticed a wyvern
  5974 | D:5      | Killed a wyvern
  6019 | D:5      | You are sucked into a shaft and drop 3 floors!
  6050 | D:7      | Reached skill level 7 in Fire Magic
  6209 | D:7      | Found Zutsoud's Antique Armour Shoppe.
  6440 | D:6      | Reached XP level 9. HP: 45/45 MP: 4/19
  6857 | D:5      | Killed Sigmund
  6858 | D:5      | Reached skill level 8 in Fire Magic
  7371 | D:6      | Found a shadowy altar of Dithmenos.
  7699 | D:6      | Noticed Jeremiah
  8123 | D:6      | Learned a level 4 spell: Sticky Flame
  8171 | D:7      | Found Buem's Serpentskin Sales.
  8294 | D:7      | Bought 6 curare-tipped darts for 86 gold pieces
  8384 | D:7      | Reached skill level 9 in Fire Magic
  8390 | D:7      | Reached skill level 10 in Conjurations
  8794 | D:7      | Reached XP level 10. HP: 26/50 MP: 9/22
  9222 | D:7      | Found a runed translucent gate.
  9222 | D:7      | Found a runed translucent gate.
  9222 | D:7      | Found a runed translucent gate.
  9223 | D:7      | Noticed TheBioAlchemist's ghost (novice DrSh)
  9255 | D:8      | Noticed Psyche
  9260 | D:8      | Killed Psyche
  9540 | D:2      | Bought a pair of glowing gloves for 150 gold pieces
  9760 | D:8      | Reached skill level 10 in Fire Magic
 10284 | D:8      | Reached skill level 1 in Alchemy
 10440 | D:8      | Found an ancient bone altar of Kikubaaqudgha.
 10790 | D:8      | Noticed a two-headed ogre
 10797 | D:8      | Killed a two-headed ogre
 11290 | D:9      | Found a flagged portal.
 11332 | Bailey   | Entered a bailey
 11475 | Bailey   | Noticed an orc knight
 11516 | Bailey   | Killed an orc knight
 11517 | Bailey   | Reached skill level 10 in Spellcasting
 11605 | Bailey   | Reached skill level 1 in Fighting
 11608 | Bailey   | Reached XP level 11. HP: 56/56 MP: 4/26
 11748 | Bailey   | Found a large runed translucent door.
 11748 | Bailey   | Found a large runed translucent door.
 11749 | Bailey   | Noticed a deep elf pyromancer
 11835 | Bailey   | Killed a deep elf pyromancer
 11869 | Bailey   | Identified the +0 ring mail of the Shining Light {rC+
                  | Dex+4}
 11877 | Bailey   | Identified the +0 pair of boots of Ihuco {Rampage rN+ Will-
                  | Str+4}
 11886 | Bailey   | Identified the +8 chain mail of Zoumuod {^Contam rElec
                  | rPois SInv}
 12544 | D:9      | Noticed a rakshasa
 12545 | D:9      | Reached skill level 11 in Fire Magic
 12874 | D:9      | Slain by a shadow

Illustrated notes

Levels and vault maps discovered:
D:1:      kb_arrival_jail, layout_basic, minmay_pentomino_q4
D:2:      layout_basic, serial_shops, shop, dreamdust_princess_corridor
D:3:      layout_basic, st_stairs_1
D:4:      layout_layer_cave, mainiacjoe_overflow_alcove_4, lemuel_crystal_altar,
          serial_park_tiny_pond
D:5:      layout_cave_pods, minmay_temple_entry_waves, nicolae_shop_vocational,
          uniq_menkaure, uniq_sigmund, uniq_duvessa
D:6:      layout_basic, grunt_dithmenos_smoke_and_mirrors,
          amcnicky_mini_corridor_feature, roderic_lattice_a, uniq_jeremiah
D:7:      layout_loops_ring, serial_shops, nicolae_take_the_stairs,
          ebering_ghost_rock_garden, guppyfry_shop_venom
D:8:      layout_basic, old_standard_altar, glass_columns_b, uniq_psyche
D:9:      regret_index_dithmenos_penumbral_divide, layout_basic, demons_altar,
          lemuel_tele_altar, enter_bailey_6, minivault_23, onia_ninara_cookie
Temple:   eino_temple_water

Skill      XL: |  1  2  3  4  5  6  7  8  9 10 11 |
---------------+----------------------------------+-----
Conjurations   | 2 3 4 5 6 8 10 | 10.0
Fire Magic     | 4 5 6 7 9 10 11 | 11.3
Spellcasting   | 3 4 5 6 7 10 | 10.0
Alchemy        | 4 |  4.0
Fighting       | 1 4 |  4.9
Dodging        | |  2.1
Stealth        | |  2.0

Action                     |  1- 3 |  4- 6 |  7- 9 | 10-12 || total
---------------------------+-------+-------+-------+-------++-------
  Melee: Hand axe          |     3 |     3 |       |     6 ||    12
         Kick              |       |       |       |     3 ||     3
         Peck              |       |       |       |     1 ||     1
   Cast: Foxfire           |    46 |   125 |   158 |   148 ||   477
         Scorch            |       |    12 |    41 |    62 ||   115
         Flame Wave        |       |       |     6 |    14 ||    20
         Volatile Blastmot |       |       |     2 |       ||     2
         Sticky Flame      |       |       |       |    20 ||    20
    Use: Scroll            |       |       |     6 |     4 ||    10
         Potion            |       |       |     1 |     1 ||     2
 Armour: Robe              |     5 |    10 |    13 |    54 ||    82
  Dodge: Dodged            |     1 |     8 |    28 |    78 ||   115
